AoeStats
← Jim_Raynor

Coastal Forest

510631575Analyzed
3v3 RM · 15h ago on Oct 1, 2026· 49m 45s· 6 players
Game mode
Random Map
Map size
Normal (6 player)
Population
200
Speed
Normal
Resources
Standard
Victory
Conquest
Starting age
Dark Age
Ending age
Imperial Age
RankedLock teamsTeams togetherTeam positionsShared explorationLock speedFull tech treeHidden civsTurbo modeCheats
Victory
Defeat
🇨🇳 Huns · China
1160
+19
🇪🇸 Saxons · Spain
1129
+20
🇨🇱 Berbers · Chile
1098
+22
🇨🇴 Magyars · Colombia
1245
-21
🇦🇷 Turks · Argentina
1220
-20
🇵🇪 Mongols · Peru
1215
-20
蜡笔小新
6:19 Loom
8:37 Feudal Age
KRAIKTON
10:36 Feudal Age
11:12 Double-Bit Axe
12:21 Loom
15:09 Castle Age
17:49 Horse Collar
21:38 Bow Saw
21:48 Town Watch
23:53 Heavy Plow
25:14 Wheelbarrow
26:45 Hand Cart
28:24 Scale Mail Armor
28:35 Forging
28:15 Fletching
29:13 Arson
29:29 Squires
29:15 Gambesons
29:56 Stone Mining
29:57 Gold Mining
30:38 Chain Mail Armor
30:59 Iron Casting
30:20 Bodkin Arrow
31:20 Town Patrol
41:53 Imperial Age
43:51 Two-Man Saw
43:25 Crop Rotation
46:53 Gold Shaft Mining
48:12 Hoardings
47:59 Conscription
47:01 Shield Wall
49:42 Treadmill Crane
jaimikob
6:20 Loom
9:19 Feudal Age
10:44 Double-Bit Axe
18:17 Castle Age
18:33 Gold Mining
18:58 Forging
18:54 Scale Barding Armor
19:04 Bloodlines
19:53 Husbandry
24:18 Bow Saw
25:02 Horse Collar
26:25 Stone Mining
26:44 Heavy Plow
27:06 Light Cavalry
30:59 Wheelbarrow
31:07 Gold Shaft Mining
30:57 Chain Barding Armor
31:13 Iron Casting
31:44 Stone Shaft Mining
32:35 Hand Cart
36:31 Imperial Age
33:48 Town Watch
35:01 Fletching
35:11 Padded Archer Armor
36:52 Kasbah
37:16 Maghrebi Camels
37:38 Conscription
38:05 Bodkin Arrow
38:26 Leather Archer Armor
38:47 Plate Barding Armor
39:13 Blast Furnace
37:37 Heavy Camel Rider
40:47 Elite Camel Archer
43:19 Bracer
43:49 Ring Archer Armor
44:40 Chemistry
43:37 Murder Holes
46:10 Ballistics
45:29 Cavalier
45:29 Hussar
49:42 Hoardings
48:31 Spies/Treason
molina_229
5:32 Loom
10:07 Feudal Age
11:20 Double-Bit Axe
15:40 Wheelbarrow
16:39 Bloodlines
22:28 Castle Age
21:04 Fletching
21:15 Padded Archer Armor
23:20 Bodkin Arrow
23:44 Leather Archer Armor
24:32 Gold Mining
25:43 Bow Saw
28:32 Husbandry
29:17 Ballistics
Jim_Raynor
CID JEAN
2:19 Loom
Connection lost

Rejoining the realm…

Still unreachable

The connection could not be restored.

Session expired

The server has moved on; the page needs a fresh start.